Map: Terminal Paladino LE

Players

efelinto

  • Race: Protoss Protoss
  • League: Diamond
  • Spawn Location: 5:00

babyduckfart - Winner!

  • Race: Terran Terran
  • League: Diamond
  • Spawn Location: 9:00

VOD

Have the link to the VOD?

Description

Time

  • Played on: April 9, 2017, 6:30 p.m.
  • Length: 12:07
Show
View Real Time Build Order
Export as new Build Order

efelinto Protoss 

Build Orders: 1 Gate Expand 

Get SALT Encoding   

  12  0:03  Probe (Chrono Boost)  
  13  0:13  Probe (Chrono Boost)  
  14  0:19  Pylon  
  14  0:24  Probe (Chrono Boost)  
  15  0:37  Probe (Chrono Boost)  
  15  0:40  Gateway  
  16  0:47  Probe (Chrono Boost)  
  17  0:58  Probe (Chrono Boost)  
  18  1:26  Nexus  
  18  1:30  Cybernetics Core  
  18  1:31  Probe (Chrono Boost)  
  19  1:37  Assimilator  
  19  1:42  Probe (Chrono Boost)  
  20  1:52  Probe (Chrono Boost)  
  21  2:03  Probe (Chrono Boost)  
  22  2:13  Probe (Chrono Boost)  
  23  2:17  Assimilator  
  23  2:23  Gateway x2  
  23  2:26  Gateway  
  23  2:29  Warp Gate  
  22  2:51  Stalker  
  20  3:26  Probe (Chrono Boost)  
  20  3:27  Probe (Chrono Boost)  
  21  3:38  Probe (Chrono Boost)  
  21  3:39  Probe (Chrono Boost)  
  23  3:48  Pylon  
  23  3:49  Probe (Chrono Boost)  
  23  3:51  Probe (Chrono Boost)  
  25  3:59  Probe (Chrono Boost)  
  27  4:03  Probe (Chrono Boost)  
  28  4:10  Probe (Chrono Boost)  
  28  4:13  Assimilator  
  28  4:15  Probe (Chrono Boost)  
  29  4:17  Stargate  
  29  4:20  Probe (Chrono Boost)  
  30  4:25  Probe (Chrono Boost)  
  33  4:31  Mothership Core (Chrono Boost)  
  33  4:34  Pylon  
  33  4:36  Probe (Chrono Boost)  
  33  4:37  Stalker  
  36  4:38  Stalker  
  38  4:46  Probe (Chrono Boost)  
  38  4:48  Zealot  
  38  4:49  Probe (Chrono Boost), Sentry  
  44  4:57  Pylon  
  44  4:59  Probe (Chrono Boost)  
  45  5:03  Probe (Chrono Boost)  
  46  5:09  Probe (Chrono Boost)  
  46  5:12  Oracle  
  51  5:14  Probe (Chrono Boost)  
  51  5:20  Probe (Chrono Boost), Sentry  
  54  5:24  Zealot  
  54  5:25  Probe (Chrono Boost)  
  57  5:30  Probe (Chrono Boost)  
  57  5:32  Assimilator  
  57  5:35  Probe (Chrono Boost)  
  53  6:08  Phoenix  
  53  6:22  Zealot  
  53  6:23  Zealot x2  
  55  6:33  Phoenix  
  53  6:46  Probe x2 (Chrono Boost)  
  53  6:56  Probe (Chrono Boost), Stalker  
  53  6:58  Phoenix  
  58  7:06  Zealot x2  
  56  7:14  Zealot  
  49  7:26  Zealot x3  
  49  7:29  Probe (Chrono Boost)  
  56  7:30  Probe (Chrono Boost)  
  57  7:40  Probe (Chrono Boost)  
  57  7:41  Mothership Core (Chrono Boost)  
  60  7:51  Probe (Chrono Boost)  
  61  7:59  Probe (Chrono Boost)  
  61  8:05  Pylon  
  62  8:07  Pylon  
  62  8:08  Pylon  
  62  8:10  Pylon  
  62  8:23  Probe x2 (Chrono Boost)  
  64  8:31  Zealot x3  
  64  8:32  Zealot  
  72  8:38  Twilight Council  
  72  8:41  Forge  
  72  8:43  Pylon  
  72  8:52  Zealot x4  
  80  8:58  Nexus  
  80  9:02  Oracle  
  83  9:19  Photon Cannon  
  83  9:22  Photon Cannon  
  83  9:23  Photon Cannon  
  83  9:29  Sentry  
  83  9:30  Sentry  
  87  9:31  Stalker  
  87  9:32  Charge  
  87  9:35  Templar Archives  
  89  9:53  Probe (Chrono Boost)  
  89  9:57  Zealot  
  89  9:58  Zealot x3  
  98  10:03  Gateway  
  98  10:06  Protoss Ground Weapons Level 1  
  98  10:07  Gateway  
  87  10:22  Stalker x3  
  76  10:39  Stalker  
  59  10:53  Probe x3 (Chrono Boost)  
  62  11:04  High Templar x2, Probe x3 (Chrono Boost)  
  69  11:14  Probe x2 (Chrono Boost)  
  69  11:15  Probe (Chrono Boost)  
  72  11:25  Probe (Chrono Boost)  
  74  11:26  Probe (Chrono Boost)  
  74  11:31  Phoenix  
Show
View Real Time Build Order
Export as new Build Order

babyduckfart Terran - Winner!

Build Orders: Reaper Expand, MMM Bio 

Get SALT Encoding   

  12  0:00  SCV  
  13  0:12  SCV  
  14  0:25  Supply Depot, SCV  
  15  0:29  Refinery  
  15  0:49  Barracks, SCV  
  16  1:01  SCV  
  17  1:06  Refinery  
  17  1:13  SCV  
  18  1:25  SCV  
  19  1:36  Reaper  
  19  1:39  Orbital Command  
  20  2:01  Command Center  
  20  2:13  Factory  
  20  2:15  Barracks Reactor  
  20  2:24  SCV  
  20  2:29  Supply Depot  
  21  2:33  Supply Depot  
  21  2:36  SCV  
  22  3:02  Marine  
  22  3:03  Marine  
  24  3:19  Widow Mine  
  26  3:20  Starport, Marine x2  
  27  3:35  Barracks  
  27  3:38  Marine x2  
  29  3:42  Barracks  
  29  3:45  SCV  
  32  3:55  Factory Tech Lab  
  30  3:56  Medivac, Marine x2  
  34  4:03  Orbital Command  
  34  4:10  Bunker  
  34  4:16  Marine, Siege Tank  
  38  4:21  Barracks Tech Lab  
  38  4:29  Medivac  
  38  4:30  Barracks Tech Lab  
  38  4:31  Marine  
  41  4:33  SCV  
  41  4:35  Marine  
  43  4:43  SCV  
  45  4:45  SCV  
  45  4:48  Engineering Bay  
  45  4:51  Liberator, Marine  
  46  4:55  SCV  
  47  5:03  Marine  
  47  5:04  Marauder  
  53  5:17  Marine  
  54  5:29  Supply Depot  
  54  5:32  Engineering Bay  
  54  5:33  Terran Infantry Weapons Level 1  
  54  5:51  Marauder, Marine, SCV x2  
  54  5:52  Marine, Stimpack  
  60  6:03  SCV x2  
  60  6:15  SCV  
  60  6:17  Marine  
  61  6:19  Marine  
  61  6:25  Starport Reactor  
  62  6:28  Marine  
  61  6:39  Siege Tank  
  62  6:46  Marine  
  59  6:48  SCV x2  
  59  6:51  Combat Shields  
  61  6:57  Command Center  
  61  7:00  SCV  
  62  7:02  Refinery, Barracks  
  62  7:03  Barracks  
  56  7:13  SCV  
  46  7:25  SCV  
  46  7:27  Marine x2  
  46  7:28  Siege Tank  
  45  7:31  SCV  
  45  7:35  Refinery  
  46  7:37  Marine x2, SCV  
  46  7:43  Missile Turret, SCV  
  50  7:47  Medivac  
  50  7:48  Missile Turret  
  50  7:49  SCV  
  53  7:52  Marine x2  
  53  7:53  Marine  
  53  7:55  SCV  
  53  7:57  Missile Turret  
  57  7:58  Supply Depot  
  57  8:00  Siege Tank  
  57  8:01  SCV  
  61  8:07  SCV  
  61  8:09  Medivac, Marauder x2  
  61  8:11  Supply Depot, Orbital Command  
  68  8:15  Armory  
  68  8:19  SCV  
  69  8:21  Supply Depot, Marine  
  70  8:30  SCV  
  70  8:31  SCV  
  72  8:39  Viking, Marine, Siege Tank  
  72  8:40  Marine x3  
  81  8:42  SCV  
  81  8:45  SCV x2  
  84  8:52  Marauder, Marine  
  84  8:54  Medivac  
  89  8:57  Marine x2, SCV, Orbital Command  
  89  8:58  Marine x2  
  94  9:07  SCV  
  94  9:09  Medivac, Marine  
  97  9:14  Marauder  
  97  9:15  Marine  
  101  9:45  Supply Depot, Terran Infantry Weapons Level 2  
  101  9:47  Terran Infantry Armor Level 1  
  101  9:49  Siege Tank, Marauder, Marine x3  
  109  10:06  Medivac, Marine, SCV x3  
  117  10:07  Marauder  
  117  10:10  Command Center  
  117  10:14  Missile Turret  
  117  10:16  Marine  
  117  10:30  Marine  
  117  10:35  SCV  
  117  10:36  SCV  
  117  10:37  Missile Turret, Marine x2, SCV  
  117  10:39  Marauder  
  117  10:40  Marauder  
  114  10:45  Marine  
  114  10:48  Marine, SCV  
  114  10:49  SCV  
  113  10:51  Siege Tank  
  113  10:55  SCV  
  117  11:04  Supply Depot  
  117  11:06  Supply Depot  
  117  11:08  Barracks Reactor  
  117  11:09  Barracks Reactor  
  117  11:14  Supply Depot  
  117  11:21  Medivac x2, Marine x4  
  117  11:22  SCV x3  
  117  11:23  Siege Tank  
  131  11:34  SCV x2  
  131  11:39  Marine x3  
  128  11:40  Marauder  
Tags
 
Add a new tag
Caveats
  • Supply blocks, unpowered buildings, or Contaminate may cause inaccurate times.
  • Supply counts are checked every 10 seconds.